 Dungeon Crawl Stone Soup version 0.20.1-1-g8b1a95d (webtiles) character file.

138058 Lennu the Warrior (level 16, 0/154 HPs)
             Began as a Grey Draconian Chaos Knight on July 12, 2017.
             Slain by a wolf spider (13 damage)
             ... on level 3 of the Spider Nest.
             The game lasted 03:08:22 (39050 turns).

Lennu the Warrior (Grey Draconian Chaos Knight)    Turns: 39050, Time: 03:08:23

Health: 0/154      AC: 20    Str: 15    XL:     16   Next: 70%
Magic:  22/22      EV: 26    Int: 10    God:    Xom [...*..]
Gold:   1865       SH:  9    Dex: 21    Spells: 23/23 levels left

rFire    + . .     SeeInvis +   t - +5 demon whip (elec)
rCold    + + .     Gourm    .   K - +2 buckler
rNeg     + . .     Faith    .   (armour unavailable)
rPois    +         Spirit   .   u - +1 hat
rElec    +         Reflect  .   i - +2 cloak {rPois}
rCorr    +         Harm     .   L - +0 pair of gloves
MR       ++...                  s - +0 pair of boots
Stlth    +++++.....             Q - amulet of regeneration
Regen    0.0/turn               N - ring of the Townfolk {rElec rN+}
MPRegen  0.2/turn               y - ring of Vuko {rC+ Int-4 Dex+5 Slay+3}

@: resistant
A: walk through water, unfitting armour, see invisible, blink, magic resistance
1, inhibited regeneration, wild magic 1, unbreathing, cold-blooded, AC +14
a: Blink, Renounce Religion


You were on level 3 of the Spider Nest.
You worshipped Xom.
You were a favourite toy of Xom.
You were not hungry.

You visited 4 branches of the dungeon, and saw 27 of its levels.
You visited the Abyss 2 times.

You collected 3184 gold pieces.
You spent 1319 gold pieces at shops.

Inventory:

Hand Weapons
 t - a +5 demon whip of electrocution (weapon)
 E - the +1 mace "Ycapt" {drain, +Inv rF+++ Int-2 SInv}
   (You found it on level 14 of the Dungeon)

   A truly terrible weapon, it drains the life of those it strikes.
   It affects your intelligence (-2).
   It renders you almost immune to fire.
   It lets you see invisible.
   It lets you turn invisible.
 M - a +0 morningstar of draining
Armour
 i - a +2 cloak of poison resistance (worn)
 s - a +0 pair of boots (worn)
 u - a +1 hat (worn)
 K - a +2 buckler (worn)
 L - a +0 pair of gloves (worn)
Jewellery
 d - an uncursed ring of flight
 o - an uncursed amulet of guardian spirit
 y - the ring of Vuko (right hand) {rC+ Int-4 Dex+5 Slay+3}
   (You found it on level 3 of the Abyss)

   [ring of protection from cold]

   It affects your intelligence (-4).
   It affects your dexterity (+5).
   It affects your accuracy and damage with ranged weapons and melee attacks
   (+3).
   It protects you from cold.
 F - an uncursed ring of resist corrosion
 G - the ring of the Original Sin {+Blink rC+ Str+3}
   (You bought it in a shop on level 11 of the Dungeon)

   [ring of protection from cold]

   It affects your strength (+3).
   It protects you from cold.
   It lets you blink.
 H - an uncursed ring of protection from fire
 J - an uncursed ring of poison resistance
 N - the ring of the Townfolk (left hand) {rElec rN+}
   (You found it on level 9 of the Dungeon)

   [ring of positive energy]

   It insulates you from electricity.
   It protects you from negative energy.
 Q - an amulet of regeneration (around neck)
Wands
 D - a wand of disintegration (4/24)
 R - a wand of digging (14/24)
 X - a wand of confusion (28/48)
Scrolls
 f - 4 scrolls of enchant armour
 g - 6 scrolls of teleportation
 h - 4 scrolls of magic mapping
 k - 3 scrolls of amnesia
 q - a scroll of blinking
 r - 4 scrolls of remove curse
 x - 7 scrolls of recharging
 A - 4 scrolls of fear
 B - 4 scrolls of identify
 P - a scroll of fog
Potions
 a - a potion of flight
 c - 2 potions of ambrosia
 e - a potion of magic
 p - 7 potions of curing
 z - 2 potions of resistance
 C - a potion of haste
 O - 2 potions of cancellation
 S - a potion of berserk rage
 T - a potion of invisibility
 U - a potion of agility
Books
 v - a book of Maledictions

   Spells                             Type                      Level
   a - Corona                         Hexes                        1
   b - Ensorcelled Hibernation        Hexes/Ice                    2
   c - Confuse                        Hexes                        3
   d - Tukima's Dance                 Hexes                        3
   e - Dazzling Spray                 Conjuration/Hexes            3
Miscellaneous
 V - a lamp of fire
Comestibles
 b - 19 bread rations
 j - 10 royal jellies
 l - 22 fruits
 m - 3 chunks of flesh
 W - 3 meat rations


   Skills:
 * Level 16.8 Fighting
 + Level 14.1 Maces & Flails
 * Level 15.0 Dodging
 + Level 10.1 Stealth
 * Level 9.5 Shields
 + Level 4.3 Spellcasting
   Level 5.8 Earth Magic
 + Level 0.2 Evocations


You had 23 spell levels left.
You didn't know any spells.

Dungeon Overview and Level Annotations

Branches:
Dungeon (15/15)            Temple (0/1) D:7            Lair (6/6) D:11
 Shoals (0/4) Lair:3       Spider (4/4) Lair:2        Slime (0/5) Lair:6
    Orc (2/2) D:10            Elf (0/3) Orc:2        Vaults (0/5) D:13
 Depths (0/5) D:15

Altars:
Cheibriados
Elyvilon
Gozag
Hepliaklqana
Nemelex Xobeh
Xom
Yredelemnul
The Shining One
Beogh
Jiyva

Shops:
D:5 [*   D:11 =   D:12 !*[[[   Orc:2 (*?

Annotations:
D:3 Sigmund
Lair:4 Kirke
Lair:5 exclusion: oklob plant


Innate Abilities, Weirdness & Mutations

You can walk through water.
Your dull iron-grey scales are very hard. (AC +14)
You cannot fit into any form of body armour.
You can survive without breathing.
You are cold-blooded and may be slowed by cold attacks.
You have supernaturally acute eyesight. (SInv)
You can translocate small distances at will.
You are resistant to hostile enchantments. (MR+)
You do not regenerate when monsters are visible.
Your spells are a little harder to cast, but a little more powerful.


Message History

The spark wasp is moderately wounded.
The wolf spider completely misses you. The wolf spider misses you.
The spark wasp completely misses you.
You closely miss the spark wasp.
The spark wasp is moderately wounded.
The wolf spider hits you!
* * * LOW HITPOINT WARNING * * *
The wolf spider bites you but does no damage.
You whack the spark wasp!
The spark wasp is heavily wounded.
You block the spark wasp's attack.
You hit the spark wasp but do no damage.
The spark wasp is heavily wounded.
You block the wolf spider's attack. x2; The spark wasp misses you.
You hit the spark wasp.
You tail-slap the spark wasp, but do no damage.
The spark wasp is heavily wounded.
The wolf spider completely misses you. The wolf spider bites you!
You die...
Xom chuckles heartily!

### ##.# ##^.#
#######...##
#.##.......##
##.^.s.y.....#
#.....@####..#
###..###.....#
#######....# #
#.#....# ##
####.....^# .#
##.........#
##
#.....†....#
.#
##...†<%...#
## #.....##..#


You could see a spark wasp and a wolf spider.

Vanquished Creatures
  Louise (Spider:2)
  2 ghost moths
  The ghost of xash the Martial Artist, a journeyman OpTm of Cheibriados (Orc:2)
  2 entropy weavers
  A spark wasp (Spider:3)
  An ettin (Orc:2)
  An ogre mage (D:15)
  A rakshasa (D:15)
  10 hydras
  A catoblepas (D:14)
  8 centaur warriors
  4 death yaks (Lair:6)
  6 two-headed ogres
  2 orc high priests (Orc:2)
  Urug (Orc:1)
  Nergalle (Lair:3)
  A wretched star (Abyss:3)
  A spectral emperor scorpion (Spider:3)
  A glowing orange brain (shapeshifter) (Lair:4)
  An unseen horror (D:13)
  A sea snake (shapeshifter) (Spider:4)
  2 glowing orange brains
  The ghost of loom the Stinger, a novice NaVM (D:6)
  6 orc knights (Orc:2)
  Pikel (D:5)
  A wizard (D:14)
  A necromancer (D:10)
  22 wolf spiders
  10 orb spiders
  4 orc sorcerers (Orc:2)
  2 moths of wrath (Spider:1)
  3 salamanders
  7 ugly things
  4 cyclopes
  2 manticores
  A moth of wrath (shapeshifter) (D:15)
  A worldbinder (Spider:1)
  5 elephants
  3 centaur zombies
  4 torpor snails
  4 black mambas
  8 spiny frogs
  4 kobold demonologists
  5 gargoyles
  7 komodo dragons
  6 rime drakes
  9 demonic crawlers
  An ancient zyme (Abyss:3)
  3 tengu conjurers (D:15)
  22 jumping spiders
  6 polar bears
  A merfolk (Lair:3)
  6 trolls
  A wind drake (D:11)
  2 spectral jumping spiders (Spider:4)
  3 raiju
  4 dream sheep (Lair:6)
  13 hornets
  9 blink frogs
  Grinder (D:5)
  4 slime creatures (D:15)
  A snapping turtle (Lair:3)
  13 hippogriffs
  A flying skull (Abyss:3)
  A redback (shapeshifter) (D:15)
  A ynoxinul (Abyss:3)
  3 wyverns
  13 spriggans
  17 tarantellas
  2 vampires (D:12)
  43 redbacks
  A shadow (D:13)
  33 yaks
  4 hogs (Lair:5)
  Grum (D:9)
  2 basilisks
  3 hungry ghosts
  2 vampire mosquitoes (D:15)
  An acid dragon (D:15)
  A soldier ant (D:13)
  A spatial vortex (D:13)
  A warg (Orc:2)
  13 water moccasins
  5 porcupines
  19 orc warriors
  A spectral hornet (Spider:3)
  Duvessa (D:6)
  A black bear (shapeshifter) (D:15)
  5 black bears
  A necrophage (D:12)
  8 ice beasts
  A phantom (D:7)
  A swamp drake (D:10)
  2 hornet zombies
  5 sky beasts
  A tengu (Lair:2)
  6 boggarts
  23 wolves
  32 crocodiles
  6 ogres
  32 centaurs
  2 big kobolds (D:13)
  13 bullfrogs
  2 gnoll sergeants
  A bullfrog (shapeshifter) (D:10)
  Blork the orc (D:5)
  Dowan (D:6)
  7 scorpions
  7 killer bees
  5 wights
  A howler monkey (D:8)
  3 electric eels
  A bullfrog zombie (D:12)
  6 crimson imps
  4 jellies
  18 orc wizards
  2 quasits
  Crazy Yiuf (D:3)
  15 orc priests
  6 centaur skeletons
  A gnoll shaman (D:5)
  7 hounds
  11 iguanas
  Ijyb (D:4)
  6 hell rats
  11 worker ants
  A yak simulacrum (D:10)
  5 polar bear simulacra (D:10)
  2 wolf simulacra (D:10)
  3 hound zombies
  2 hound skeletons
  A worker ant zombie (D:9)
  24 adders
  6 gnolls
  A howler monkey skeleton (D:11)
  A river rat (D:10)
  3 shadow imps
  2 oozes
  An adder zombie (D:7)
  An adder skeleton (D:6)
  6 worms
  10 leopard geckos
  48 orcs
  5 bats
  8 giant cockroaches
  5 goblins
  4 hobgoblins
  10 jackals
  6 quokkas
  2 ball pythons
  14 frilled lizards
  9 kobolds
  7 rats
  3 river rat simulacra (D:10)
  A plant (D:11)
879 creatures vanquished.

Vanquished Creatures (collateral kills)
  An emperor scorpion (Spider:1)
  A vault guard (D:13)
  2 two-headed ogres
  An orc high priest (Orc:2)
  An ugly thing (D:13)
  An elephant (Lair:4)
  A kobold demonologist (D:15)
  A rime drake (Lair:4)
  A hornet (Lair:6)
  A polar bear (Lair:6)
  3 blink frogs
  A hippogriff (Lair:1)
  A tarantella (Spider:4)
  A spriggan (Lair:6)
  A yak (D:11)
  A basilisk (Lair:2)
  A porcupine (Lair:1)
  An orc warrior (D:10)
  An ice beast (D:15)
  3 wolves (Lair:6)
  A boggart (Lair:6)
  2 killer bees (D:10)
  A crimson imp (D:5)
  An orc wizard (D:10)
  A fungus (Lair:4)
31 creatures vanquished.

Vanquished Creatures (others)
  2 dancing weapons
  An orb spider (Spider:1)
  An orc sorcerer (Orc:2)
  A redback zombie (Spider:4)
  A jumping spider (Spider:3)
  2 dream sheep (Lair:5)
  A hippogriff (D:9)
  4 tarantellas (Spider:1)
  A basilisk (D:11)
  A slave (D:5)
  A bullfrog (D:6)
  A centaur zombie (D:5)
  A hound (D:5)
  A leopard gecko (D:10)
  An orc (D:5)
  A jackal (D:5)
  A quokka zombie (D:5)
  6 fungi
  8 plants
  3 starspawn tentacles (Abyss:3)
39 creatures vanquished.

Grand Total: 949 creatures vanquished

Notes
Turn   | Place    | Note
-------+----------+-------------------------------------------
     0 | D:1      | Lennu the Draconian Chaos Knight began the quest for the Orb.
     0 | D:1      | Reached XP level 1. HP: 19/19 MP: 1/1
   232 | D:1      | XOM: harmless Fire miscast
   497 | D:1      | XOM: harmless Hex miscast
   580 | D:1      | XOM: silly message
   951 | D:2      | Reached XP level 2. HP: 14/26 MP: 2/2
   956 | D:2      | XOM: harmless Chrm miscast
  1224 | D:2      | XOM: harmless Hex miscast
  1299 | D:2      | Reached XP level 3. HP: 8/31 MP: 3/3
  1475 | D:2      | XOM: god gift: 4 javelins of penetration
  1547 | D:2      | XOM: god gift: 34 gold pieces
  2089 | D:2      | Found a glowing golden altar of the Shining One.
  2172 | D:2      | XOM: give mutations
  2172 | D:2      | Gained mutation: Your muscles are strong. (Str +2) [Xom's grace]
  2172 | D:2      | Gained mutation: You possess an exceptional clarity of mind. [Xom's grace]
  2172 | D:2      | Gained mutation: You have large cloven feet. [Xom's grace]
  2172 | D:2      | Gained mutation: You are robust. (+10% HP) [Xom's grace]
  2284 | D:2      | XOM: god gift: scroll of amnesia
  2415 | D:2      | XOM: polymorph hobgoblin -> iguana
  2421 | D:2      | Reached XP level 4. HP: 38/44 MP: 4/4
  3117 | D:3      | XOM: scenery: create altars
  3189 | D:3      | Reached skill level 4 in Fighting
  3374 | D:3      | Reached XP level 5. HP: 47/50 MP: 5/5
  3422 | D:3      | XOM: give mutations
  3422 | D:3      | Gained mutation: You are somewhat resistant to further mutation. [Xom's grace]
  3422 | D:3      | Gained mutation: You are agile. (Dex +2) [Xom's grace]
  3422 | D:3      | Gained mutation: You are somewhat resistant to both further mutation and mutation removal. [Xom's grace]
  3422 | D:3      | Gained mutation: You are covered in fur. (AC +1) [Xom's grace]
  3469 | D:3      | Found a runed door.
  3473 | D:3      | Noticed Crazy Yiuf
  3519 | D:3      | Noticed Terence
  3523 | D:3      | Noticed Terence
  3523 | D:3      | Terence changed into Terence the rat
  3523 | D:3      | XOM: polymorph Terence -> Terence the rat
  3524 | D:3      | Killed Terence the rat
  3596 | D:3      | Noticed Sigmund
  3662 | D:3      | Found a white marble altar of Elyvilon.
  3806 | D:3      | XOM: scenery: 2 doors close
  3822 | D:3      | Killed Crazy Yiuf
  4001 | D:4      | Lost mutation: You have large cloven feet. [potion of mutation]
  4001 | D:4      | Lost mutation: Your muscles are strong. (Str +2) [potion of mutation]
  4001 | D:4      | Lost mutation: You are agile. (Dex +2) [potion of mutation]
  4039 | D:4      | XOM: cast spell 'Cause Fear'
  4359 | D:4      | Noticed Ijyb
  4362 | D:4      | Killed Ijyb
  4362 | D:4      | Reached skill level 5 in Maces & Flails
  4769 | D:4      | Reached XP level 6. HP: 49/58 MP: 6/6
  4909 | D:5      | Entered Level 5 of the Dungeon
  4916 | D:5      | XOM: cast spell 'Shadow Creatures'
  4975 | D:5      | Noticed Grinder
  4977 | D:5      | XOM: noise
  4977 | D:5      | Paralysed by Grinder for 3 turns
  4997 | D:5      | Killed Grinder
  4997 | D:5      | Reached skill level 5 in Fighting
  4997 | D:5      | Your scales start taking on a dull iron-grey colour.
  4997 | D:5      | Reached XP level 7. HP: 21/67 MP: 3/7
  4997 | D:5      | Gained mutation: You can survive without breathing. [Grey Draconian growth]
  5074 | D:5      | Reached skill level 1 in Stealth
  5076 | D:5      | XOM: confuse monster(s)
  5084 | D:5      | XOM: smoke on damage
  5444 | D:5      | Noticed Pikel
  5449 | D:5      | XOM: potion effect (experience)
  5449 | D:5      | Reached skill level 6 in Fighting
  5449 | D:5      | Reached skill level 5 in Earth Magic
  5449 | D:5      | Reached XP level 8. HP: 78/78 MP: 7/14
  5460 | D:5      | Killed Pikel
  5652 | D:5      | Reached skill level 7 in Fighting
  5830 | D:5      | Found Ablom Eto's General Store.
  5974 | D:5      | Reached XP level 9. HP: 68/86 MP: 11/15
  6087 | D:5      | Noticed Blork the orc
  6089 | D:5      | Found a sparkling altar of Nemelex Xobeh.
  6106 | D:5      | Killed Blork the orc
  6179 | D:5      | Found Uqykh's Armour Shop.
  6188 | D:5      | Bought a +1 hat for 143 gold pieces
  6513 | D:5      | XOM: scenery: 2 doors close
  6546 | D:5      | XOM: enchant monster (bad)
  6555 | D:5      | Lost mutation: You are robust. (+10% HP) [mutagenic meat]
  6557 | D:5      | Gained mutation: Your mind is acute. (Int +2) [mutagenic meat]
  6622 | D:6      | Noticed loom's ghost (novice NaVM)
  6645 | D:6      | XOM: summons friendly ufetubus
  6655 | D:6      | XOM: scenery: create altars
  6660 | D:6      | XOM: fake destruction
  6662 | D:6      | Killed loom's ghost
  6699 | D:6      | XOM: medium Fire miscast
  6725 | D:6      | XOM: 2-stop teleportation journey
  6993 | D:6      | Noticed Duvessa
  7015 | D:6      | Killed Duvessa
  7055 | D:6      | Noticed Dowan
  7286 | D:6      | Killed Dowan
  7445 | D:6      | XOM: harmless Fire miscast
  7787 | D:6      | XOM: stat loss: -1 Int (14/15)
  7995 | D:6      | XOM: summons 2 hostile shadow creatures
  8174 | D:7      | Found a basalt altar of Yredelemnul.
  8174 | D:7      | XOM: 6-stop teleportation journey
  8225 | D:7      | Found a staircase to the Ecumenical Temple.
  8226 | D:7      | XOM: give mutation
  8226 | D:7      | Gained mutation: You are weak. (Str -2) [Xom's mischief]
  8305 | D:7      | XOM: give mutations
  8305 | D:7      | Lost mutation: You possess an exceptional clarity of mind. [Xom's mischief]
  8305 | D:7      | Lost mutation: Your mind is acute. (Int +2) [Xom's mischief]
  8368 | D:7      | XOM: chaos cloud
  8378 | D:7      | XOM: 9-stop teleportation journey
  8529 | D:7      | Reached skill level 8 in Fighting
  8529 | D:7      | Reached XP level 10. HP: 85/88 MP: 16/16
  8725 | D:7      | XOM: confusion
  9008 | D:7      | XOM: mild Air miscast
  9013 | D:7      | XOM: give mutation
  9013 | D:7      | Lost mutation: You are weak. (Str -2) [Xom's mischief]
  9386 | D:7      | XOM: noise
  9596 | D:8      | Noticed a two-headed ogre
  9597 | D:8      | XOM: 3-stop teleportation journey
  9755 | D:8      | Lost mutation: You are somewhat resistant to both further mutation and mutation removal. [potion of mutation]
  9755 | D:8      | Lost mutation: You are somewhat resistant to further mutation. [potion of mutation]
  9755 | D:8      | Gained mutation: Scrolls take you a little longer to read. [potion of mutation]
  9755 | D:8      | Gained mutation: You have large cloven feet. [potion of mutation]
  9903 | D:8      | XOM: blink monster(s)
  9904 | D:8      | XOM: give mutations
  9904 | D:8      | Gained mutation: You are weak. (Str -2) [Xom's mischief]
  9904 | D:8      | Gained mutation: You expend magic power (3 MP) to strengthen your wands. [Xom's mischief]
  9904 | D:8      | Gained mutation: You are dopey. (Int -2) [Xom's mischief]
  9904 | D:8      | Gained mutation: You are very weak. (Str -4) [Xom's mischief]
 10180 | D:8      | Noticed a two-headed ogre
 10190 | D:8      | Killed a two-headed ogre
 10384 | D:8      | XOM: noise
 10385 | D:8      | XOM: potion effect (invisibility)
 10386 | D:8      | XOM: smoke on damage
 10393 | D:8      | Killed a two-headed ogre
 10400 | D:8      | XOM: 2-stop teleportation journey
 10567 | D:8      | XOM: harmless Tloc miscast
 10699 | D:8      | XOM: medium Necr miscast
 10945 | D:9      | XOM: divination: detect items
 11016 | D:9      | XOM: scenery: 1 doors close
 11031 | D:9      | XOM: fog
 11059 | D:9      | XOM: medium Hex miscast
 11094 | D:9      | Got a scorched jade ring
 11095 | D:9      | Identified the ring of the Townfolk {rElec rN+} (You found it on level 9 of the Dungeon)
 11155 | D:9      | XOM: 3-stop teleportation journey
 11156 | D:9      | Noticed Grum
 11196 | D:9      | Killed Grum
 11470 | D:9      | Reached skill level 9 in Fighting
 11546 | D:9      | XOM: 1-stop teleportation journey
 11649 | D:9      | Reached skill level 10 in Maces & Flails
 11811 | D:9      | XOM: mild Necr miscast
 11854 | D:9      | Reached XP level 11. HP: 78/97 MP: 14/17
 12001 | D:10     | Entered Level 10 of the Dungeon
 12001 | D:10     | Found an opulent altar of Gozag.
 12277 | D:10     | Found a staircase to the Orcish Mines.
 12433 | D:10     | XOM: 1-stop teleportation journey
 12462 | D:10     | XOM: summons 6 friendly demons
 12468 | D:10     | Reached skill level 5 in Stealth
 12623 | D:10     | XOM: confuse monster(s)
 12676 | D:10     | XOM: smoke on damage
 12838 | D:10     | XOM: divination: detect items
 12891 | D:10     | XOM: enchant monster (good)
 12972 | D:10     | XOM: medium Pois miscast
 13170 | D:10     | XOM: blink monster(s)
 13340 | D:10     | Noticed a necromancer
 13353 | D:10     | Killed a necromancer
 13504 | D:10     | XOM: potion effect (brilliance)
 13766 | D:10     | XOM: polymorph leopard gecko -> river rat
 14049 | D:10     | Found a roughly hewn altar of Beogh.
 14320 | D:9      | XOM: mild Fire miscast
 14355 | D:10     | XOM: summons 6 friendly demons
 14373 | D:10     | XOM: fog
 14398 | D:10     | XOM: give mutation
 14398 | D:10     | Lost mutation: You are dopey. (Int -2) [Xom's grace]
 14428 | D:10     | Gained mutation: You are resistant to hostile enchantments. (MR+) [mutagenic meat]
 14429 | D:10     | Lost mutation: You have large cloven feet. [mutagenic meat]
 14631 | D:8      | XOM: scenery: 1 doors close
 14796 | D:11     | XOM: god gift: 48 gold pieces
 14831 | D:11     | Reached skill level 10 in Fighting
 15346 | D:11     | XOM: polymorph yak -> raiju
 15373 | D:11     | XOM: 6-stop teleportation journey
 15392 | D:11     | XOM: scenery: create altars
 15418 | D:11     | XOM: summons 5 friendly demons
 15496 | D:11     | Found a staircase to the Lair.
 15510 | D:11     | XOM: polymorph komodo dragon -> salamander
 15524 | D:11     | XOM: cleaving
 15528 | D:11     | XOM: god gift: glowing rapier {god gift}
 15538 | D:11     | XOM: god gift: 2 potions of mutation
 15552 | D:11     | Lost mutation: Scrolls take you a little longer to read. [potion of mutation]
 15552 | D:11     | Lost mutation: You are very weak. (Str -4) [potion of mutation]
 15552 | D:11     | Lost mutation: You expend magic power (3 MP) to strengthen your wands. [potion of mutation]
 15552 | D:11     | Gained mutation: You have an increased reservoir of magic. (+10% MP) [potion of mutation]
 15552 | D:11     | Gained mutation: Your body sometimes deteriorates upon taking damage. [potion of mutation]
 15552 | D:11     | Gained mutation: Your mind is acute. (Int +2) [potion of mutation]
 15553 | D:11     | Lost mutation: Your mind is acute. (Int +2) [potion of mutation]
 15553 | D:11     | Lost mutation: You are resistant to hostile enchantments. (MR+) [potion of mutation]
 15553 | D:11     | Lost mutation: Your body sometimes deteriorates upon taking damage. [potion of mutation]
 15553 | D:11     | Lost mutation: You are weak. (Str -2) [potion of mutation]
 15553 | D:11     | Gained mutation: You have supernaturally acute eyesight. (SInv) [potion of mutation]
 15553 | D:11     | Gained mutation: You can translocate small distances at will. [potion of mutation]
 15553 | D:11     | Gained mutation: Your spells are a little harder to cast, but a little more powerful. [potion of mutation]
 15622 | D:11     | XOM: 2-stop teleportation journey
 15627 | D:11     | Noticed a brown ugly thing
 15640 | D:11     | XOM: divination: detect creatures
 15655 | D:11     | Noticed a glowing orange brain
 15655 | D:11     | a brown ugly thing changed into a glowing orange brain
 15655 | D:11     | XOM: polymorph brown ugly thing -> glowing orange brain
 15659 | D:11     | Killed a glowing orange brain
 15672 | D:11     | Reached XP level 12. HP: 27/108 MP: 8/20
 16146 | D:11     | XOM: harmless Summ miscast
 16160 | D:11     | XOM: cloud trail
 16486 | D:11     | XOM: noise
 16488 | D:11     | XOM: confuse monster(s)
 16500 | D:11     | XOM: confuse monster(s)
 16527 | D:10     | XOM: harmless Hex miscast
 16865 | D:11     | XOM: confuse monster(s)
 16879 | D:11     | XOM: enchant monster (good)
 17196 | D:11     | XOM: polymorph cyclops -> wind drake
 17268 | D:11     | Found Yliog's Jewellery Boutique.
 17274 | D:11     | Bought the ring of the Original Sin {+Blink rC+ Str+3} for 543 gold pieces
 17382 | D:11     | Reached skill level 11 in Fighting
 17414 | D:11     | XOM: enchant monster (good)
 17564 | Lair:1   | Entered Level 1 of the Lair of Beasts
 17570 | D:11     | XOM: mild Air miscast
 17584 | D:11     | Reached skill level 10 in Dodging
 17601 | Lair:1   | XOM: confuse monster(s)
 17736 | Lair:1   | XOM: give mutations
 17736 | Lair:1   | Gained mutation: Your body sometimes deteriorates upon taking damage. [Xom's mischief]
 17736 | Lair:1   | Gained mutation: You are frail. (-10% HP) [Xom's mischief]
 17806 | Lair:1   | Noticed an eight-headed hydra
 17816 | Lair:1   | XOM: summons friendly crimson imp
 17820 | Lair:1   | Killed an eight-headed hydra
 17831 | Lair:1   | XOM: divination: detect items
 17854 | Lair:1   | XOM: summons 2 friendly demons
 17855 | Lair:1   | XOM: blink monster(s)
 17863 | Lair:1   | XOM: enchant monster (bad)
 17891 | D:11     | HP: 2/99 [porcupine (4)]
 17902 | D:11     | HP: 1/99 [water moccasin (6)]
 18239 | Lair:1   | XOM: summons 4 friendly demons
 18254 | Lair:1   | XOM: harmless Air miscast
 18532 | Lair:1   | XOM: summons 8 friendly demons
 18824 | Lair:1   | XOM: noise
 18846 | Lair:1   | XOM: mild Erth miscast
 19152 | Lair:2   | XOM: cast spell 'Summon Butterflies'
 19365 | Lair:2   | XOM: silly message
 19393 | Lair:2   | XOM: harmless Pois miscast
 19759 | D:11     | Bought an uncursed amulet of regeneration for 360 gold pieces
 19845 | D:11     | XOM: harmless Tmut miscast
 19893 | Lair:2   | Found a hole to the Spider Nest.
 19923 | Lair:2   | XOM: harmless Hex miscast
 20293 | Lair:2   | XOM: harmless Erth miscast
 20806 | Lair:3   | XOM: potion effect (invisibility)
 20914 | Lair:3   | Noticed a four-headed hydra
 20929 | Lair:3   | Killed a four-headed hydra
 21096 | Lair:3   | XOM: silly message
 21100 | Lair:3   | XOM: potion effect (curing)
 21177 | Lair:3   | XOM: potion effect (might)
 21583 | Lair:3   | XOM: god gift: marble ring {god gift}
 21655 | Lair:3   | XOM: divination: detect creatures
 21748 | Lair:3   | Found a staircase to the Shoals.
 21756 | Lair:3   | XOM: swap monsters
 21925 | Lair:3   | Noticed Nergalle
 21948 | Lair:3   | Cast into level 1 of the Abyss (spectral orc)
 21989 | Lair:3   | Escaped the Abyss
 21996 | Lair:3   | XOM: divination: detect items
 22041 | Lair:3   | Killed Nergalle
 22041 | Lair:3   | Reached XP level 13. HP: 81/105 MP: 21/21
 22109 | Lair:3   | XOM: divination: detect items
 22246 | Lair:3   | XOM: mild Conj miscast
 22501 | Lair:4   | XOM: 2-stop teleportation journey
 22541 | Lair:4   | XOM: divination: magic mapping
 23013 | Lair:4   | Reached skill level 12 in Fighting
 23116 | Lair:4   | XOM: 6-stop teleportation journey
 23236 | Lair:4   | XOM: confuse monster(s)
 23250 | Lair:4   | XOM: fog
 23255 | Lair:4   | XOM: scenery: create altars
 23288 | Lair:4   | XOM: polymorph elephant -> manticore
 23303 | Lair:3   | XOM: cloud trail
 23319 | Lair:3   | XOM: silly message
 23415 | Lair:4   | Lost mutation: Your body sometimes deteriorates upon taking damage. [mutagenic meat]
 23416 | Lair:4   | Gained mutation: Your spells are harder to cast, but more powerful. [mutagenic meat]
 23486 | Lair:4   | XOM: blink monster(s)
 23498 | Lair:4   | XOM: summons 3 friendly demons
 23499 | Lair:4   | XOM: cleaving
 23501 | Lair:4   | XOM: summons friendly ynoxinul
 23560 | Lair:4   | XOM: cloud trail
 23628 | Lair:4   | XOM: give mutations
 23628 | Lair:4   | Gained mutation: Your mind is acute. (Int +2) [Xom's grace]
 23628 | Lair:4   | Gained mutation: Your spells are much harder to cast, but much more powerful. [Xom's grace]
 23798 | Lair:4   | XOM: destruction
 23859 | Lair:4   | XOM: fog
 23911 | Lair:4   | XOM: god gift: glowing demon whip {god gift}
 24218 | Lair:4   | XOM: confuse monster(s)
 24479 | Lair:5   | Noticed Kirke
 24479 | Lair:5   | XOM: potion effect (invisibility)
 24498 | Lair:5   | XOM: enchant monster (good)
 24586 | Lair:4   | Noticed a sphinx
 24591 | Lair:4   | XOM: summons 2 friendly demons
 24601 | Lair:4   | Paralysed by a sphinx for 5 turns
 24613 | Lair:4   | XOM: summons friendly iron imp
 24617 | Lair:4   | XOM: confuse monster(s)
 24866 | Lair:5   | XOM: smoke on damage
 25019 | Lair:5   | XOM: chaos cloud
 25023 | Lair:5   | XOM: silly message
 25030 | Lair:5   | XOM: scenery: create altars
 25034 | Lair:5   | XOM: enchant monster (good)
 25036 | Lair:5   | XOM: enchant monster (good)
 25037 | Lair:5   | XOM: scenery: create altars
 25046 | Lair:5   | XOM: scenery: create altars
 25189 | Lair:5   | XOM: enchant monster (good)
 25390 | Lair:5   | Found a hazy altar of Hepliaklqana.
 25471 | Lair:5   | XOM: cast spell 'Metabolic Englaciation'
 25473 | Lair:5   | XOM: summons friendly shadow imp
 25503 | Lair:5   | XOM: summons friendly iron imp
 25574 | Lair:5   | XOM: harmless Conj miscast
 25693 | Lair:6   | Entered Level 6 of the Lair of Beasts
 25700 | Lair:6   | Noticed a ghost moth
 25700 | Lair:6   | a death yak changed into a ghost moth
 25700 | Lair:6   | XOM: polymorph death yak -> ghost moth
 25707 | Lair:5   | XOM: divine lightning
 25717 | Lair:5   | Killed a ghost moth
 25846 | Lair:6   | XOM: harmless Pois miscast
 25882 | Lair:6   | Lost mutation: Your mind is acute. (Int +2) [potion of mutation]
 25882 | Lair:6   | Lost mutation: You are frail. (-10% HP) [potion of mutation]
 25882 | Lair:6   | Lost mutation: Your spells are much harder to cast, but much more powerful. [potion of mutation]
 25882 | Lair:6   | Lost mutation: Your spells are harder to cast, but more powerful. [potion of mutation]
 25882 | Lair:6   | Lost mutation: Your spells are a little harder to cast, but a little more powerful. [potion of mutation]
 25882 | Lair:6   | Lost mutation: You are covered in fur. (AC +1) [potion of mutation]
 25882 | Lair:6   | Gained mutation: You have a considerably increased reservoir of magic. (+20% MP) [potion of mutation]
 25882 | Lair:6   | Gained mutation: You have a greatly increased reservoir of magic. (+30% MP) [potion of mutation]
 25882 | Lair:6   | XOM: give mutations
 25882 | Lair:6   | Gained mutation: You have a pair of small horns on your head. [Xom's mischief]
 25882 | Lair:6   | Gained mutation: You are weak. (Str -2) [Xom's mischief]
 25882 | Lair:6   | Gained mutation: You have a pair of horns on your head. [Xom's mischief]
 25883 | Lair:6   | Lost mutation: You have a pair of horns on your head. [potion of mutation]
 25883 | Lair:6   | Lost mutation: You have a greatly increased reservoir of magic. (+30% MP) [potion of mutation]
 25883 | Lair:6   | Gained mutation: You have large cloven feet. [potion of mutation]
 25883 | Lair:6   | Gained mutation: You occasionally shout uncontrollably at your foes. [potion of mutation]
 25883 | Lair:6   | Lost mutation: You are weak. (Str -2) [potion of mutation]
 25914 | Lair:6   | XOM: mild Tmut miscast
 26038 | Lair:6   | XOM: scenery: create altars
 26039 | Lair:6   | XOM: polymorph death yak -> seven-headed hydra
 26042 | Lair:6   | Reached skill level 13 in Fighting
 26077 | Lair:6   | Reached XP level 14. HP: 100/129 MP: 24/24
 26132 | Lair:6   | XOM: harmless Air miscast
 26220 | Lair:6   | XOM: enchant monster (bad)
 26303 | Lair:6   | XOM: enchant monster (good)
 26454 | Lair:6   | XOM: 8-stop teleportation journey
 26472 | Lair:6   | XOM: divination: detect creatures
 26495 | Lair:6   | XOM: cloud trail
 26600 | Lair:6   | XOM: cast spell 'Olgreb's Toxic Radiance'
 26622 | Lair:6   | XOM: noise
 26852 | Lair:6   | XOM: divination: detect items
 26880 | Lair:6   | Found a snail-covered altar of Cheibriados.
 27004 | Lair:6   | XOM: harmless Chrm miscast
 27014 | Lair:6   | Paralysed by a hornet for 3 turns
 27097 | Lair:6   | XOM: potion effect (brilliance)
 27115 | Lair:6   | XOM: 3-stop teleportation journey
 27396 | Lair:6   | XOM: summons 14 friendly demons
 27536 | Lair:6   | Found a viscous altar of Jiyva.
 27537 | Lair:6   | Found a staircase to the Slime Pits.
 27772 | Lair:2   | XOM: polymorph water moccasin -> tengu
 27897 | Orc:1    | Entered Level 1 of the Orcish Mines
 28163 | Orc:1    | Noticed Urug
 28175 | Orc:1    | Killed Urug
 28329 | Orc:1    | XOM: god gift: 12 arrows
 28353 | Orc:2    | Entered Level 2 of the Orcish Mines
 28360 | Orc:2    | XOM: enchant monster (bad)
 28457 | Orc:2    | XOM: summons 1 hostile shadow creature
 28460 | Orc:2    | XOM: polymorph cyclops -> snapping turtle
 28461 | Orc:2    | XOM: summons friendly white imp
 28472 | Orc:2    | XOM: summons 5 friendly demons
 28750 | Orc:2    | XOM: summons 11 friendly demons
 28755 | Orc:2    | Reached skill level 14 in Fighting
 28848 | Orc:2    | XOM: cloud trail
 28873 | Orc:2    | XOM: scenery: create altars
 28940 | Orc:2    | Reached skill level 5 in Shields
 29141 | Orc:2    | XOM: give mutations
 29141 | Orc:2    | Gained mutation: Your flesh is heat resistant. (rF+) [Xom's grace]
 29141 | Orc:2    | Gained mutation: You are robust. (+10% HP) [Xom's grace]
 29141 | Orc:2    | Gained mutation: You are resistant to hostile enchantments. (MR+) [Xom's grace]
 29141 | Orc:2    | Gained mutation: You are somewhat resistant to further mutation. [Xom's grace]
 29223 | Orc:2    | XOM: cloud trail
 29255 | Orc:2    | Found a staircase to the Elven Halls.
 29352 | Orc:2    | Found Uwko's Magic Scroll Shoppe.
 29372 | Orc:2    | XOM: confuse monster(s)
 29374 | Orc:2    | XOM: enchant monster (good)
 29411 | Orc:2    | XOM: harmless Summ miscast
 29465 | Orc:2    | XOM: noise
 29474 | Orc:2    | XOM: noise
 29481 | Orc:2    | XOM: smoke on damage
 29509 | Orc:2    | XOM: silly message
 29632 | Orc:2    | XOM: noise
 29634 | Orc:2    | XOM: potion effect (haste)
 29646 | Orc:2    | Found Kuunoira's Antique Weapon Shoppe.
 29657 | Orc:2    | Found Plog's Assorted Antiques.
 29658 | Orc:2    | Found Qots's Jewellery Boutique.
 29907 | Orc:2    | XOM: smoke on damage
 29912 | Orc:2    | Noticed xash's ghost (journeyman OpTm)
 29913 | Orc:2    | XOM: cast spell 'Call Canine Familiar'
 30019 | Orc:2    | XOM: enchant monster (bad)
 30027 | Orc:2    | XOM: scenery: create altars
 30031 | Orc:2    | XOM: harmless Tmut miscast
 30046 | Orc:2    | Killed xash's ghost
 30073 | Orc:2    | XOM: scenery: create altars
 30215 | D:12     | XOM: divination: magic mapping
 30315 | D:12     | Found Vohuw's Antique Armour Shoppe.
 30446 | D:12     | Found Zucwuobe's Armour Shop.
 30468 | D:12     | XOM is BORED!
 30488 | D:12     | Found Odweic's Antique Armour Emporium.
 30570 | D:12     | Found Nehiudor's Distillery.
 30578 | D:12     | Bought a potion of resistance for 130 gold pieces
 30578 | D:12     | Bought a potion of heal wounds for 65 gold pieces
 30578 | D:12     | Bought a potion of curing for 39 gold pieces
 30578 | D:12     | Bought a potion of curing for 39 gold pieces
 30683 | D:12     | Found Jyssoux's General Store.
 30773 | D:12     | Found a portal to a secret trove of treasure.
 30784 | D:12     | XOM: mild Pois miscast
 30815 | D:13     | XOM: fog
 30818 | D:13     | XOM: noise
 30819 | D:13     | XOM: mild Summ miscast
 30822 | D:13     | XOM: summons 6 friendly demons
 30941 | D:13     | Reached XP level 15. HP: 150/152 MP: 25/25
 31259 | D:13     | XOM: scenery: create altars
 31299 | D:13     | XOM: polymorph orc knight -> salamander
 31311 | D:13     | XOM: summons friendly quasit
 31388 | D:13     | XOM: cloud trail
 31475 | D:13     | Found a gate to the Vaults.
 31561 | D:13     | XOM: harmless Chrm miscast
 31810 | D:14     | Reached skill level 15 in Fighting
 31967 | D:14     | XOM: scenery: create altars
 31994 | D:14     | Got a warped mace
 31995 | D:14     | Identified the cursed +1 mace "Ycapt" {drain, +Inv rF+++ Int-2 SInv} (You found it on level 14 of the Dungeon)
 32084 | D:14     | XOM: polymorph cyclops -> tarantella
 32458 | D:14     | XOM: cloud trail
 32571 | D:15     | XOM: noise
 32571 | D:15     | Entered Level 15 of the Dungeon
 32679 | D:15     | XOM: cloud trail
 32899 | D:14     | XOM: summons friendly white imp
 32902 | D:14     | XOM: summons friendly ufetubus
 33216 | D:15     | XOM: polymorph big kobold -> ice beast
 33305 | D:15     | XOM is BORED!
 33305 | D:15     | XOM: give mutations
 33305 | D:15     | Lost mutation: You have a considerably increased reservoir of magic. (+20% MP) [Xom's mischief]
 33305 | D:15     | Gained mutation: You expend magic power (3 MP) to strengthen your wands. [Xom's mischief]
 33316 | D:15     | XOM: fog
 33526 | D:15     | XOM: divination: detect creatures
 33579 | D:15     | Lost mutation: You are resistant to hostile enchantments. (MR+) [mutagenic meat]
 33581 | D:15     | Gained mutation: You are weak. (Str -2) [mutagenic meat]
 33668 | D:15     | Lost mutation: Your flesh is heat resistant. (rF+) [potion of mutation]
 33668 | D:15     | Lost mutation: You expend magic power (3 MP) to strengthen your wands. [potion of mutation]
 33668 | D:15     | Lost mutation: You are somewhat resistant to further mutation. [potion of mutation]
 33668 | D:15     | Lost mutation: You have an increased reservoir of magic. (+10% MP) [potion of mutation]
 33668 | D:15     | Lost mutation: You have large cloven feet. [potion of mutation]
 33668 | D:15     | Lost mutation: You are weak. (Str -2) [potion of mutation]
 33668 | D:15     | Gained mutation: You are clumsy. (Dex -2) [potion of mutation]
 33668 | D:15     | Gained mutation: Your flesh is heat resistant. (rF+) [potion of mutation]
 33668 | D:15     | Gained mutation: You are resistant to hostile enchantments. (MR+) [potion of mutation]
 33873 | D:15     | XOM: summons 3 friendly demons
 34103 | D:14     | XOM: give mutations
 34103 | D:14     | Lost mutation: You are clumsy. (Dex -2) [Xom's mischief]
 34103 | D:14     | Lost mutation: You are robust. (+10% HP) [Xom's mischief]
 34136 | D:15     | XOM: scenery: create altars
 34162 | D:15     | XOM: summons 6 friendly demons
 34218 | D:15     | Found a staircase to the Depths.
 34269 | D:15     | XOM: god gift: 4 needles of paralysis
 34317 | D:14     | Lost mutation: You occasionally shout uncontrollably at your foes. [potion of mutation]
 34317 | D:14     | Lost mutation: You have supernaturally acute eyesight. (SInv) [potion of mutation]
 34317 | D:14     | Lost mutation: You are resistant to hostile enchantments. (MR+) [potion of mutation]
 34317 | D:14     | Lost mutation: Your flesh is heat resistant. (rF+) [potion of mutation]
 34317 | D:14     | Gained mutation: You do not regenerate when monsters are visible. [potion of mutation]
 34317 | D:14     | Gained mutation: You are resistant to hostile enchantments. (MR+) [potion of mutation]
 34317 | D:14     | Lost mutation: You have a pair of small horns on your head. [potion of mutation]
 34317 | D:14     | Gained mutation: You have sharp toenails. [potion of mutation]
 34419 | Spider:1 | Entered Level 1 of the Spider Nest
 34450 | Spider:1 | XOM: polymorph redback -> hippogriff
 34578 | Spider:1 | XOM: god gift: 31 gold pieces
 34589 | Spider:1 | XOM: summons 8 friendly demons
 34732 | Spider:1 | XOM: fog
 34842 | Spider:1 | XOM: scenery: create altars
 34985 | Spider:1 | XOM: destruction
 34991 | Spider:1 | Reached skill level 16 in Fighting
 35010 | Spider:1 | XOM: summons 7 friendly demons
 35021 | Spider:1 | XOM: divine lightning
 35029 | Spider:1 | XOM: enchant monster (good)
 35031 | Spider:1 | XOM: polymorph quasit -> crimson imp
 35108 | Spider:1 | XOM: silly message
 35231 | Spider:1 | XOM: enchant monster (good)
 35234 | Spider:1 | XOM: potion effect (curing)
 35238 | Spider:1 | Reached XP level 16. HP: 151/151 MP: 22/22
 35278 | Spider:1 | XOM: mild Summ miscast
 35544 | Spider:1 | XOM: divination: detect creatures
 35653 | Spider:2 | Noticed Louise
 35672 | Spider:2 | Cast into level 3 of the Abyss (Louise)
 35780 | Abyss:3  | Found a snail-covered altar of Cheibriados.
 35782 | Abyss:3  | XOM: potion effect (agility)
 35783 | Abyss:3  | XOM: potion effect (haste)
 35856 | Abyss:3  | Got a translucent brass ring
 35858 | Abyss:3  | Identified the ring of Vuko {rC+ Int-4 Dex+5 Slay+3} (You found it on level 3 of the Abyss)
 35904 | Abyss:3  | Noticed a tentacled starspawn
 36005 | Abyss:3  | XOM: potion effect (invisibility)
 36062 | Abyss:3  | Found a corrupted altar of Lugonu.
 36078 | Abyss:3  | Noticed a tentacled starspawn
 36109 | Abyss:3  | XOM: divination: magic mapping
 36177 | Abyss:3  | XOM: divination: detect items
 36178 | Abyss:3  | XOM: potion effect (berserk rage)
 36180 | Spider:2 | Escaped the Abyss
 36224 | Spider:1 | XOM: harmless Tloc miscast
 36246 | Spider:1 | XOM: potion effect (might)
 36354 | Spider:2 | Lost mutation: You have sharp toenails. [mutagenic meat]
 36355 | Spider:2 | Gained mutation: You have supernaturally acute eyesight. (SInv) [mutagenic meat]
 36358 | Spider:2 | Gained mutation: Your spells are a little harder to cast, but a little more powerful. [mutagenic meat]
 36621 | Spider:2 | Killed Louise
 37235 | Spider:3 | Reached skill level 10 in Stealth
 37244 | Spider:3 | XOM: harmless Fire miscast
 37265 | Spider:3 | XOM: potion effect (invisibility)
 37490 | Spider:3 | XOM: divination: detect items
 37597 | Spider:3 | XOM: summons friendly white imp
 37721 | Spider:3 | XOM: cast spell 'Summon Mana Viper'
 37786 | Spider:3 | XOM: fake destruction
 37852 | Spider:3 | XOM: enchant monster (good)
 37963 | Spider:4 | Entered Level 4 of the Spider Nest
 38051 | Spider:3 | XOM: scenery: create altars
 38111 | Spider:3 | XOM: noise
 38165 | Spider:3 | XOM: medium Ice miscast
 38249 | Spider:4 | XOM: polymorph orb spider -> yak
 38350 | Spider:4 | XOM: summons 3 friendly demons
 38360 | Spider:4 | XOM: polymorph wolf spider -> glowing shapeshifter
 38361 | Spider:4 | XOM: potion effect (haste)
 38673 | Spider:4 | XOM: cast spell 'Discord'
 38700 | Spider:3 | XOM: cast spell 'Metabolic Englaciation'
 38705 | Spider:3 | Reached skill level 15 in Dodging
 38773 | Spider:3 | XOM: cloud trail
 38950 | Spider:4 | XOM: scenery: create altars
 38981 | Spider:4 | XOM: summons 6 friendly demons
 39050 | Spider:3 | Slain by a wolf spider

Skill      XL: |  1  2  3  4  5  6  7  8  9 10 11 12 13 14 15 16 |
---------------+-------------------------------------------------+-----
Dodging        | 3 4 6 7 8 9 11 12 13 14 15 | 15.0
Maces & Flails | 4 5 8 9 10 11 12 13 14 | 14.1
Fighting       | 4 5 6 7 8 9 10 11 13 14 16 | 16.8
Stealth        | 3 4 6 7 8 9 10 | 10.1
Shields        | 4 6 8 9 |  9.5
Spellcasting   | 4 |  4.3
Earth Magic    | 5 |  5.8
Evocations     | |  0.2

Action                   |  1- 3 |  4- 6 |  7- 9 | 10-12 | 13-15 | 16-18 || total
-------------------------+-------+-------+-------+-------+-------+-------++-------
Melee: Mace              |   108 |   138 |   193 |  1560 |   342 |       ||  2341
       Tailslap          |     7 |    11 |    51 |   216 |   341 |   101 ||   727
       Kick              |     2 |    13 |       |   184 |       |       ||   199
       Whip              |       |       |   240 |       |       |       ||   240
       Demon whip        |       |       |       |       |  1626 |   498 ||  2124
       Headbutt          |       |       |       |       |   279 |       ||   279
       Unarmed           |       |       |       |       |     1 |       ||     1
 Abil: Blink             |       |       |       |     1 |     2 |       ||     3
       Evoke Blink       |       |       |       |       |     2 |       ||     2
  Use: Potion            |     5 |     6 |     1 |    16 |    13 |     4 ||    45
       Scroll            |     3 |     3 |     4 |    12 |    14 |     2 ||    38
 Stab: Sleeping          |     1 |       |     1 |    23 |    26 |     6 ||    57
       Paralysed         |       |     1 |       |    46 |    18 |     3 ||    68
       Petrified         |       |       |     4 |    12 |     2 |     6 ||    24
       Distracted        |       |       |     2 |     5 |     7 |     3 ||    17
       Petrifying        |       |       |     1 |     5 |     3 |       ||     9
       Invisible         |       |       |       |     8 |     2 |     1 ||    11
       Confused          |       |       |       |    20 |     2 |       ||    22
  Eat: Chunk             |     5 |     7 |     9 |    24 |    40 |    10 ||    95
       Meat ration       |       |     1 |     1 |     4 |     3 |     2 ||    11
       Royal jelly       |       |       |     1 |     1 |       |       ||     2
Armor: Skin              |    42 |    36 |   149 |   462 |   406 |   146 ||  1241
Dodge: Dodged            |   124 |    93 |   248 |  1185 |  1301 |   521 ||  3472
Block: Buckler           |       |       |       |       |   273 |   219 ||   492
